AoeStats
← SlightlySaltedCamelCrisps

African Clearing

505280991Analyzed
3v3 RM · 25d ago on Sep 8, 2026· 41m 13s· 6 players
Game mode
Random Map
Map size
Normal (6 player)
Population
200
Speed
Normal
Resources
Standard
Victory
Conquest
Starting age
Dark Age
Ending age
Imperial Age
RankedLock teamsTeams togetherTeam positionsShared explorationLock speedFull tech treeHidden civsTurbo modeCheats
Victory
Defeat
🇻🇪 Armenians · Venezuela
1369
+11
🇨🇴 Mongols · Colombia
1219
+17
🇨🇴 Vietnamese · Colombia
1195
+17
🇩🇪 Spanish · Germany
1292
-17
🇩🇪 Vietnamese · Germany
1208
-14
1208
-14
eastemnet
10:09 Loom
13:11 Feudal Age
17:33 Castle Age
16:20 Double-Bit Axe
20:56 Fletching
38:11 Horse Collar
40:56 Wheelbarrow
SlightlySaltedCamelCrisps
10:39 Loom
14:03 Feudal Age
18:00 Castle Age
16:18 Double-Bit Axe
16:50 Town Watch
16:49 Horse Collar
23:57 Bloodlines
23:47 Husbandry
26:27 Wheelbarrow
27:25 Bow Saw
27:18 Heavy Plow
30:32 Scale Barding Armor
34:00 Gold Mining
34:02 Stone Mining
34:34 Kasbah
34:34 Fletching
35:10 Padded Archer Armor
38:51 Imperial Age
36:52 Leather Archer Armor
36:36 Bodkin Arrow
39:10 Chain Barding Armor
39:02 Forging
39:48 Ballistics
39:06 Cavalier
40:32 Plate Barding Armor
40:58 Forging
jimima
7:08 Loom
14:46 Feudal Age
18:31 Castle Age
17:16 Double-Bit Axe
17:26 Stone Mining
17:52 Horse Collar
19:40 Bow Saw
20:24 Heavy Plow
22:26 Fletching
33:15 Bodkin Arrow
33:42 Padded Archer Armor
36:52 Ballistics
38:13 Gold Mining
42:12 Imperial Age
JAGR | HIPERYON
7:14 Loom
13:10 Feudal Age
15:01 Town Watch
17:44 Castle Age
16:20 Fletching
18:21 Bodkin Arrow
25:47 Ballistics
25:34 Padded Archer Armor
31:04 Wheelbarrow
31:29 Horse Collar
35:33 Leather Archer Armor
36:55 Double-Bit Axe
37:30 Stone Mining
40:34 Imperial Age
38:20 Gold Mining
41:38 Conscription
41:20 Bracer
JAGR | GoodByeWorld
13:10 Feudal Age
16:35 Man-at-Arms
18:07 Long Swordsman
18:54 Scale Mail Armor
18:59 Arson
19:41 Forging
25:03 Loom
27:39 Castle Age
31:41 Double-Bit Axe
34:25 Pikeman
35:07 Horse Collar
37:14 Wheelbarrow
38:43 Hand Cart
41:52 Bow Saw
JAGR | Luigi-gb
13:21 Feudal Age
15:20 Wheelbarrow
14:41 Loom
15:03 Double-Bit Axe
17:37 Castle Age
16:03 Stone Mining
16:50 Town Watch
17:21 Gold Mining
18:46 Bow Saw
28:41 Horse Collar
33:11 Imperial Age
31:18 Fletching
30:59 Crossbowman
31:47 Thumb Ring
32:27 Treadmill Crane
33:08 Ballistics
33:58 Hand Cart
33:52 Heavy Plow
34:04 Bodkin Arrow
33:31 Arbalester
35:13 Chemistry
37:24 Bracer
37:25 Padded Archer Armor
38:42 Hoardings
38:27 Elite Skirmisher
38:37 Light Cavalry
39:28 Bloodlines
39:19 Husbandry
39:25 Scale Barding Armor
39:36 Leather Archer Armor
39:31 Forging
40:55 Chain Barding Armor
Connection lost

Rejoining the realm…

Still unreachable

The connection could not be restored.

Session expired

The server has moved on; the page needs a fresh start.